 Dungeon Crawl Stone Soup version 0.24.0-35-gdb84b6a5db (webtiles) character file.

Game seed: 18047313119204490799, levelgen mode: deterministic

217 grindst0ne the Ducker (level 5, -9/41 HPs)
             Began as a Vampire Gladiator on Nov 20, 2019.
             Was an Initiate of Gozag.
             Mangled by an ogre
             ... wielding a +0 giant spiked club
              (16 damage)
             ... on level 4 of the Dungeon.
             The game lasted 00:04:12 (2507 turns).

grindst0ne the Ducker (Vampire Gladiator)           Turns: 2507, Time: 00:04:13

Health: -9/41      AC:  7    Str: 14    XL:     5   Next: 62%
Magic:  5/5        EV:  9    Int: 12    God:    Gozag
Gold:   158        SH:  8    Dex: 16    Spells: 4/4 levels left

rFire    . . .     SeeInvis +   a - +0 long sword
rCold    + . .     Gourm    .   n - +0 shield
rNeg     . . .     Faith    .   k - +0 scale mail
rPois    .         Spirit   .   c - +0 helmet
rElec    .         Reflect  .   (no cloak)
rCorr    .         Harm     .   (no gloves)
MR       .....                  (no boots)
Stlth    ..........             m - amulet of the acrobat
HPRegen  0.33/turn              o - ring of protection from cold
MPRegen  0.09/turn              u - +2 ring of intelligence

@: gold aura, regenerating quickly
A: no food, fangs 3, see invisible, unbreathing
a: Exsanguinate, Potion Petition, Call Merchant, Bribe Branch, Renounce Religion


You were on level 4 of the Dungeon.
You worshipped Gozag.
Gozag was aware of your devotion.
You were alive.

You visited 1 branch of the dungeon, and saw 4 of its levels.

You collected 213 gold pieces.
You paid 55 gold pieces to Gozag.

Inventory:

Hand Weapons
 a - a +0 long sword (weapon)
Missiles
 d - 3 throwing nets (quivered)
Armour
 b - a +0 leather armour
 c - a +0 helmet (worn)
 k - a +0 scale mail (worn)
 n - a +0 shield (worn)
Jewellery
 m - an amulet of the acrobat (around neck)
 o - a ring of protection from cold (left hand)
 u - a +2 ring of intelligence (right hand)
 w - an uncursed ring of ice {unknown}
Scrolls
 e - 5 scrolls of identify {unknown}
 f - 3 scrolls of fog {unknown}
 i - 2 scrolls of remove curse {unknown}
 j - a scroll of random uselessness {unknown}
 l - a scroll of fear {unknown}
 r - 5 scrolls of teleportation {unknown}
Potions
 g - 2 potions of degeneration {unknown}
 h - 3 potions of agility {unknown}
 p - a potion of lignification {unknown}
 q - a potion of curing {unknown}
 s - a potion of mutation {unknown}
 t - a potion of haste
 v - a potion of brilliance {unknown}


   Skills:
 + Level 3.2 Fighting
 + Level 4.2 Long Blades
 - Level 1.5 Throwing
 + Level 4.6 Dodging
 + Level 1.6 Shields


You had 4 spell levels left.
You didn't know any spells.
Your spell library was empty.

Dungeon Overview and Level Annotations

Branches:
Dungeon (4/15)
 Temple: D:4-7

Altars:
Ashenzari
Fedhas
Gozag
Ru
Trog
Wu Jian


Innate Abilities, Weirdness & Mutations

You do not eat.
Your natural rate of healing is unusually fast.
You have razor-sharp teeth.
You have supernaturally acute eyesight. (SInv)
You can survive without breathing.


Message History

You closely miss the ogre. Your bite misses the ogre.
The ogre becomes distracted by the nearby gold, dreaming of imaginary riches.
The ogre shouts!
You hit the ogre.
The ogre is no longer distracted by gold.
The ogre is lightly wounded.
The ogre hits you with a +0 giant spiked club!!
Ouch! That really hurt!
You closely miss the ogre.
The ogre is lightly wounded.
You block the ogre's attack.
You hit the ogre.
The ogre is lightly wounded.
The ogre hits you with a +0 giant spiked club!
* * * LOW HITPOINT WARNING * * *
You slash the ogre!
The ogre is heavily wounded.
The ogre hits you with a +0 giant spiked club!
You die...
Your body crumbles into a pile of gold.

+##.......# ...#
..#.......+ ....+
..+.......# ....#
'##.......##+######....#
.......................#
.........<.............+
.......................#
................$O...>..
..##+########...@..#
..'..'......+......#
..#..#......#......#
..##.####'###......#
...#+##.......#####...
...# #.......# .#+ ...#
#.......# . ...#
#.......# .. ...#
#.......#


You could see an ogre.

Vanquished Creatures
  A phantom (D:4)
  2 adders
  2 adder skeletons (D:4)
  A worm (D:2)
  5 leopard geckos
  3 orcs
  11 bats
  9 giant cockroaches
  10 goblins
  8 hobgoblins
  7 jackals
  10 kobolds
  2 quokkas (D:4)
  6 frilled lizards
  9 rats
86 creatures vanquished.

Notes
Turn   | Place    | Note
-------+----------+-------------------------------------------
     0 | D:1      | grindst0ne the Vampire Gladiator began the quest for the
                  | Orb.
     0 | D:1      | Reached XP level 1. HP: 16/16 MP: 1/1
    72 | D:1      | Reached XP level 2. HP: 22/22 MP: 2/2
   380 | D:1      | Reached XP level 3. HP: 24/27 MP: 3/3
  1069 | D:2      | Reached XP level 4. HP: 29/34 MP: 4/4
  2020 | D:4      | Reached skill level 1 in Shields
  2088 | D:4      | Noticed a phantom
  2237 | D:4      | Killed a phantom
  2237 | D:4      | Reached XP level 5. HP: 33/41 MP: 5/5
  2249 | D:4      | Found a blossoming altar of Fedhas.
  2363 | D:4      | Found a shattered altar of Ashenzari.
  2376 | D:4      | Found an ornate altar of the Wu Jian Council.
  2378 | D:4      | Found a bloodstained altar of Trog.
  2381 | D:4      | Found an opulent altar of Gozag.
  2383 | D:4      | Found a sacrificial altar of Ru.
  2389 | D:4      | Became a worshipper of Gozag Ym Sagoz the Greedy
  2498 | D:4      | Noticed an ogre
  2507 | D:4      | Mangled by an ogre

Levels and vault maps discovered:
D:1:      nicolae_arrival_washed_ashore, layout_loops_ring, serial_bayou,
          serial_bayou_shore_b, serial_bayou_crossing, serial_bayou_shore_b,
          serial_bayou_ford_a
D:2:      layout_basic, minmay_split_cup_small
D:3:      layout_loops_ring, first_ration
D:4:      layout_gridville, lemuel_doored_altar, grunt_temple_overflow_open,
          kennysheep_little_box, uniq_eustachio

Skill      XL: |  1  2  3  4 |
---------------+-------------+-----
Fighting       | 2 3 |  3.2
Dodging        | 4 |  4.6
Shields        | 1 |  1.6
Long Blades    | 4 |  4.2
Throwing       | |  1.5

Action                   |  1- 3 |  4- 6 || total
-------------------------+-------+-------++-------
Melee: Long sword        |   162 |   123 ||   285
       Bite              |    13 |    20 ||    33
  Use: Potion            |       |     1 ||     1
Armor: Leather armour    |    16 |       ||    16
       Scale mail        |    79 |    53 ||   132
Dodge: Dodged            |   137 |    59 ||   196
Block: Shield            |    21 |    57 ||    78
       Rpst.: Long sword |    40 |    16 ||    56
